 Dungeon Crawl Stone Soup version 0.20.0-15-g7f486f2 (webtiles) character file.

3390 Szarrukin the Martial Artist (level 10, -2/69 HPs)
             Began as an Octopode Transmuter on June 12, 2017.
             Was a Believer of Cheibriados.
             Slain by an ogre
             ... wielding a +0 giant spiked club
              (27 damage)
             ... on level 7 of the Dungeon.
             The game lasted 00:23:46 (10354 turns).

Szarrukin the Martial Artist (Octopode Transmuter) Turns: 10354, Time: 00:23:47

Health: -2/69      AC:  6    Str: 16    XL:     10   Next: 4%
Magic:  13/14      EV: 13    Int: 22    God:    Cheibriados [**....]
Gold:   470        SH:  0    Dex: 18    Spells: 1/13 levels left

rFire    x . .     SeeInvis .     - Unarmed
rCold    + + +     Gourm    +   (shield currently unavailable)
rNeg     . . .     Faith    .   (helmet currently unavailable)
rPois    +         Spirit   .   B - amulet of the gourmand
rElec    .         Reflect  .   (no ring)
rCorr    .         Harm     .   (no ring)
MR       .....                  (no ring)
Stlth    ++........             (no ring)
Regen    0.3/turn               (no ring)
MPRegen  0.2/turn               (no ring)
                                (no ring)
                                (no ring)

@: ice-form (expiring), very slow
A: almost no armour, stealthy swim, amphibious, 8 rings, (constrict 8)
a: End Transformation, Bend Time, Renounce Religion


You were on level 7 of the Dungeon.
You worshipped Cheibriados.
Cheibriados was pleased with you.
You were very full.
You were a creature of crystalline ice.
You visited 2 branches of the dungeon, and saw 8 of its levels.

You collected 497 gold pieces.
You spent 27 gold pieces at shops.

Inventory:

Missiles
 a - 221 arrows
Jewellery
 B - an amulet of the gourmand (around neck)
Wands
 w - a wand of iceblast (15/15)
Scrolls
 e - 2 scrolls of fog
 h - 4 scrolls of identify
 k - a scroll of enchant armour
 n - a scroll of immolation
 o - 2 scrolls of remove curse
 p - a scroll of enchant weapon
 q - 2 scrolls of blinking
 u - a scroll of recharging
 x - a scroll of magic mapping
Potions
 d - 2 potions of agility
 j - 2 potions of ambrosia
 l - 4 potions of heal wounds
 m - a potion of invisibility {unknown}
 s - 2 potions of haste {unknown}
 t - 2 potions of cancellation {unknown}
 v - 3 potions of curing
 z - a potion of berserk rage {unknown}
 A - 2 potions of might {unknown}
 D - a potion of flight {unknown}
Books
 b - a book of Changes

   Spells                             Type                      Level
   a - Beastly Appendage              Transmutation                1
   b - Sticks to Snakes               Transmutation                2
   c - Spider Form                    Transmutation/Poison         3
   d - Ice Form                       Ice/Transmutation            4
   e - Blade Hands                    Transmutation                5
Comestibles
 c - 7 bread rations
 f - 3 fruits
 g - 5 meat rations
 i - 3 royal jellies


   Skills:
 - Level 1.0 Fighting
 - Level 5.1 Dodging
 - Level 10.0 Unarmed Combat
 - Level 2.0 Spellcasting
 - Level 5.0 Transmutations
 - Level 5.2 Ice Magic
 + Level 5.6 Invocations


You had one spell level left.
You knew the following spells:

 Your Spells              Type           Power        Failure   Level  Hunger
a - Beastly Appendage     Tmut           ###...       1%          1    #......
b - Sticks to Snakes      Tmut           ###.....     2%          2    ##.....
c - Ice Form              Ice/Tmut       ###.....     17%         4    #####..
d - Blade Hands           Tmut           ###.......   43%         5    ######.


Dungeon Overview and Level Annotations

Branches:
Dungeon (7/15)             Temple (1/1) D:6

Altars:
Cheibriados
Dithmenos
Elyvilon
Fedhas
Hepliaklqana
Kikubaaqudgha
Nemelex Xobeh
Okawaru
Ru
Sif Muna
Trog
Xom
Yredelemnul
Zin

Shops:
D:6 *


Innate Abilities, Weirdness & Mutations

You cannot wear most types of armour.
You are very stealthy in the water. (Stealth+)
You are amphibious.
You can wear up to eight rings at the same time.
((You can use your tentacles to constrict eight enemies at once.))
((Your skin changes colour to match your surroundings (Stealth+).))
((Your rubbery body absorbs attacks. (AC +1, EV +1)))


Message History

The orc priest hits you with a mace.
You see here a mace.
You punch the orc priest! You freeze the orc priest.
The orc priest is severely wounded.
Your transformation is almost over.
The orc priest hits you with a mace.
You punch the orc priest! You freeze the orc priest.
You kill the orc priest!
Cheibriados appreciates the change of pace.
You hit the ogre but do no damage.
The ogre hits you with a giant spiked club!!
You hit the ogre. You freeze the ogre.
The ogre is lightly wounded.
You hit the ogre. You freeze the ogre.
The ogre is moderately wounded.
The ogre hits you with a giant spiked club!
You punch the ogre! You freeze the ogre.
The ogre is almost dead.
The ogre hits you with a giant spiked club!!
You die...

)......# .......# ###### ....O..
.......# #....# ....... .......#
#....# .............# .......#
#....# .!...........# .......#
#....# .............# .......#
#....# .............#
....)..###....####.............#
.>.....'.'....')YO.............#
.......###....####.............#
#.########....###############..##
#...>..................[.........
.......##############......#.#..#
.#####.# #......#+#... .#...#)#
#............ .#†#.#)#
#..........#. .#<..#.#
#..........#.


You could see an ogre.

Vanquished Creatures
  A yak (D:6)
  3 orc warriors (D:7)
  An ice beast (D:7)
  4 ogres
  A black bear (D:6)
  2 sky beasts
  A phantom (D:4)
  3 centaurs
  A big kobold (D:5)
  6 bullfrogs
  5 scorpions
  2 howler monkeys
  3 crimson imps
  A centaur zombie (D:6)
  A centaur skeleton (D:4)
  5 hounds
  A jelly (D:6)
  4 orc priests
  7 orc wizards
  A bullfrog skeleton (D:4)
  4 worker ants
  A hound skeleton (D:6)
  A worker ant zombie (D:5)
  10 gnolls
  A howler monkey skeleton (D:5)
  8 adders
  A shadow imp (D:6)
  An ooze (D:3)
  2 adder zombies
  2 worms
  An adder skeleton (D:4)
  2 dart slugs
  4 leopard geckos
  25 orcs
  7 bats
  11 giant cockroaches
  16 goblins
  7 hobgoblins
  11 jackals
  4 quokkas
  2 ball pythons
  5 frilled lizards
  21 kobolds
  2 leopard gecko skeletons
  A quokka skeleton (D:4)
  5 rats
208 creatures vanquished.

Vanquished Creatures (collateral kills)
  A gnoll (D:2)
  An adder (D:2)
  A goblin (D:2)
3 creatures vanquished.

Vanquished Creatures (others)
  5 plants (D:5)
5 creatures vanquished.

Grand Total: 216 creatures vanquished

Notes
Turn   | Place    | Note
-------+----------+-------------------------------------------
     0 | D:1      | Szarrukin the Octopode Transmuter began the quest for the Orb.
     0 | D:1      | Reached XP level 1. HP: 13/13 MP: 3/3
   327 | D:1      | Reached XP level 2. HP: 7/18 MP: 3/5
   331 | D:1      | Learned a level 2 spell: Sticks to Snakes
  1355 | D:2      | Reached XP level 3. HP: 22/23 MP: 6/6
  2238 | D:2      | Reached XP level 4. HP: 8/28 MP: 1/7
  2461 | D:2      | Learned a level 4 spell: Ice Form
  3124 | D:3      | Found a bloodstained altar of Trog.
  3511 | D:3      | Reached skill level 1 in Ice Magic
  3511 | D:3      | Reached XP level 5. HP: 33/33 MP: 3/8
  3513 | D:3      | Reached skill level 5 in Transmutations
  5090 | D:4      | Reached XP level 6. HP: 25/38 MP: 0/9
  5506 | D:4      | Noticed a phantom
  5541 | D:4      | Killed a phantom
  5541 | D:4      | Reached skill level 5 in Ice Magic
  5541 | D:4      | Reached XP level 7. HP: 28/43 MP: 8/10
  5925 | D:4      | Reached skill level 4 in Unarmed Combat
  6389 | D:4      | Reached skill level 5 in Unarmed Combat
  6644 | D:4      | Reached XP level 8. HP: 38/48 MP: 8/11
  6747 | D:5      | Entered Level 5 of the Dungeon
  7278 | D:5      | Reached skill level 5 in Dodging
  7377 | D:5      | Reached skill level 6 in Unarmed Combat
  7536 | D:5      | You fall through a shaft for 2 floors!
  7699 | D:7      | Reached skill level 7 in Unarmed Combat
  7771 | D:6      | Noticed a yak
  7779 | D:6      | Killed a yak
  7779 | D:6      | Reached XP level 9. HP: 53/53 MP: 7/12
  7802 | D:6      | Found a staircase to the Ecumenical Temple.
  7811 | Temple   | Entered the Ecumenical Temple
  7814 | Temple   | Became a worshipper of Cheibriados the Contemplative
  7829 | D:6      | Reached skill level 8 in Unarmed Combat
  7896 | D:6      | Found Zuitior's Assorted Antiques.
  7906 | D:6      | Bought a scroll labeled IRCHUEZX HIANT for 27 gold pieces
  8052 | D:6      | Found an ancient bone altar of Kikubaaqudgha.
  8192 | D:6      | Reached skill level 9 in Unarmed Combat
  8762 | D:5      | Reached * piety under Cheibriados
  9436 | D:5      | Learned a level 5 spell: Blade Hands
  9643 | D:7      | Reached skill level 10 in Unarmed Combat
 10083 | D:7      | Reached ** piety under Cheibriados
 10337 | D:7      | Reached skill level 5 in Invocations
 10337 | D:7      | Reached XP level 10. HP: 58/58 MP: 10/13
 10354 | D:7      | Slain by an ogre

Skill      XL: |  1  2  3  4  5  6  7  8  9 |
---------------+----------------------------+-----
Transmutations | 3 4 5 |  5.0
Ice Magic      | 1 3 5 |  5.2
Unarmed Combat | 5 7 10 | 10.0
Dodging        | 5 |  5.1
Invocations    | 5 |  5.6
Fighting       | |  1.0
Spellcasting   | |  2.0

Action                   |  1- 3 |  4- 6 |  7- 9 | 10-12 || total
-------------------------+-------+-------+-------+-------++-------
Melee: Unarmed           |    81 |   142 |   328 |    14 ||   565
       Tentacles         |    15 |     9 |    12 |       ||    36
       Constrict         |    22 |    12 |    11 |       ||    45
       Punch             |     1 |     1 |     2 |       ||     4
       Kick              |     1 |       |       |       ||     1
 Cast: Beastly Appendage |     1 |       |       |       ||     1
       Sticks to Snakes  |     7 |     2 |       |       ||     9
       Ice Form          |       |    11 |    29 |       ||    40
  Use: Scroll            |       |       |    16 |       ||    16
 Stab: Sleeping          |     3 |     4 |     4 |       ||    11
       Distracted        |       |     1 |       |       ||     1
  Eat: Chunk             |     4 |    16 |    33 |       ||    53
Armor: Skin              |    14 |    30 |    61 |       ||   105
Dodge: Dodged            |    62 |    56 |   162 |     1 ||   281
